 Dungeon Crawl Stone Soup version 0.28.0-53-g5a82cb258f (webtiles) character file.

Game seed: 17780825224623201317

177 Zeld the Digger (level 5, 0/28 HPs)
             Began as a Gargoyle Earth Elementalist on June 2, 2022.
             Shot with an arrow by a centaur (6 damage)
             ... on level 4 of the Dungeon.
             The game lasted 00:04:17 (3282 turns).

Zeld the Digger (Gargoyle Earth Elementalist)       Turns: 3282, Time: 00:04:17

Health: 0/28       AC:  6    Str: 12    XL:     5   Next: 57%
Magic:  10/10      EV: 11    Int: 17    God:
Gold:   59         SH:  0    Dex: 10    Spells: 1/11 levels left

rFire   . . .      SeeInvis .   n - staff of earth
rCold   . . .      Faith    .   (no shield)
rNeg    + . .      Spirit   .   b - +0 robe
rPois   ∞          Reflect  .   (no helmet)
rElec   +          Harm     .   (no cloak)
rCorr   .          Rampage  .   (no gloves)
Will    .....                   (no boots)
Stlth   ++........              (no amulet)
HPRegen 0.09/turn               (no ring)
MPRegen 0.12/turn               (no ring)

@: no status effects
A: sickness immunity, AC +4, negative energy resistance 1, electricity
resistance, torment resistance 1, petrification resistance
a: no special abilities


You were on level 4 of the Dungeon.
You visited 1 branch of the dungeon, and saw 4 of its levels.

You collected 59 gold pieces.

Inventory:

Armour
 b - a +0 robe (worn)
Magical Staves
 n - a staff of earth (weapon)
Scrolls
 a - a scroll of noise {unknown}
 e - a scroll of teleportation {unknown}
 g - a scroll of magic mapping {unknown}
 j - a scroll of summoning {unknown}
 k - 2 scrolls of fog {unknown}
 l - a scroll of identify {unknown}
 m - a scroll of amnesia {unknown}
Potions
 c - a potion of attraction {unknown}
 d - 3 potions of curing {unknown}
 f - a potion of haste {unknown}
 h - 2 potions of brilliance {unknown}
 i - a potion of degeneration {unknown}
 o - a potion of heal wounds {unknown}


   Skills:
 - Level 1.5 Dodging
 - Level 2.1 Stealth
 * Level 3.5 Spellcasting
 + Level 1.9 Transmutations
 * Level 5.4 Earth Magic


You had one spell level left.
You knew the following spells:

 Your Spells              Type           Power      Damage    Failure   Level
a - Sandblast             Erth           64%        2d14      1%          1
b - Passwall              Tmut/Erth      19%        N/A       5%          2
c - Stone Arrow           Conj/Erth      36%        3d9       16%         3
d - Petrify               Tmut/Erth      23%        N/A       34%         4

Your spell library contained the following spells:

 Spells                   Type           Power      Damage    Failure   Level


Dungeon Overview and Level Annotations

Branches:
Dungeon (4/15)
 Temple: D:4-7

Altars:


Innate Abilities, Weirdness & Mutations

You are immune to sickness and miasma.
Your stone body is resilient. (AC +4)
You are immune to poison.
You resist negative energy. (rN+)
You are resistant to electric shocks. (rElec)
You are resistant to unholy torment.
You are immune to petrification.


Message History

A kobold is nearby!
The kobold unwields a +0 dagger.
The kobold wields a +0 hand crossbow.
The kobold shoots a bolt.
The bolt barely misses you.
An ice beast comes into view.
You closely miss the kobold.
The kobold unwields a +0 hand crossbow.
The kobold wields a +0 dagger.
The kobold hits you but does no damage.
You hit the kobold.
The kobold is severely wounded.
The kobold hits you with a +0 dagger. The kobold hits you but does no damage.
You barely miss the kobold.
The kobold is severely wounded.
The kobold hits you but does no damage.
The kobold unwields a +0 dagger.
The kobold wields a +0 hand crossbow.
The kobold shoots a bolt.
The bolt hits you!
The kobold shoots a bolt.
The bolt hits you!
There is a stone staircase leading up here.
You climb upwards.
There is a stone staircase leading down here.
There is a stone staircase leading down here.
You start resting.
You start resting.
HP restored.
You climb downwards.
Found two stone staircases leading down.
There is a stone staircase leading up here.
Found 24 sling bullets.
A centaur comes into view.
A centaur is nearby!
Found a scroll labelled MECLOC RAEMO.
The centaur shouts!
The centaur wields a +0 shortbow.
The centaur shoots an arrow.
The arrow closely misses you.
The centaur shoots an arrow.
The arrow hits you.
The centaur shoots an arrow.
The arrow hits you!
The centaur shoots an arrow.
The arrow closely misses you.
The centaur shoots an arrow.
The arrow hits you.
* * * LOW HITPOINT WARNING * * *
The centaur shoots an arrow.
The arrow barely misses you.
The centaur shoots an arrow.
The arrow hits you.
You die...

#...... #.
###...#(###.##.
##....... ......
#.......# .....#
#...#..##.....#
###..##.##.....?#
#...>......c...#
###..........?#
#...<.#....@###
###...###...##
#..## ##...#
#.>.# ##........#
#...# #.......##
##### ####....#
##.## ##


You could see a centaur.

Vanquished Creatures
  A phantom (D:3)
  An adder (D:2)
  An adder skeleton (D:3)
  2 worms (D:2)
  6 dart slugs
  3 orcs (D:3)
  8 ball pythons
  5 bats
  7 endoplasms
  8 giant cockroaches
  4 goblins
  6 hobgoblins
  6 kobolds
  A quokka (D:1)
  2 frilled lizards (D:1)
  2 rats (D:3)
63 creatures vanquished.

Notes
Turn   | Place    | Note
-------+----------+-------------------------------------------
     0 | D:1      | Zeld the Gargoyle Earth Elementalist began the quest for
                  | the Orb.
     0 | D:1      | Reached XP level 1. HP: 10/10 MP: 3/3
   181 | D:1      | Reached skill level 1 in Transmutations
   181 | D:1      | Reached XP level 2. HP: 8/15 MP: 1/5
   185 | D:1      | Learned a level 2 spell: Passwall
   346 | D:1      | Reached skill level 4 in Earth Magic
   977 | D:1      | Found a faded altar of an unknown god.
   989 | D:1      | Reached XP level 3. HP: 17/19 MP: 2/6
  1000 | D:1      | Learned a level 3 spell: Stone Arrow
  1780 | D:2      | Reached XP level 4. HP: 18/24 MP: 6/8
  2592 | D:3      | Noticed a phantom
  2609 | D:3      | Killed a phantom
  2610 | D:3      | Reached skill level 5 in Earth Magic
  2610 | D:3      | Reached XP level 5. HP: 18/28 MP: 0/10
  2615 | D:3      | Learned a level 4 spell: Petrify
  3089 | D:4      | Noticed an ice beast
  3275 | D:4      | Noticed a centaur
  3282 | D:4      | Shot with an arrow by a centaur

Illustrated notes

Levels and vault maps discovered:
D:1:      minmay_arrival_split_and_join, layout_rooms,
          ebering_ecumenical_altar_box
D:2:      layout_loops_ring
D:3:      layout_rooms
D:4:      layout_cave_pools, hangedman_decor_diamond_cutter

Skill      XL: |  1  2  3  4 |
---------------+-------------+-----
Transmutations | 1 |  1.9
Earth Magic    | 4 5 |  5.4
Spellcasting   | 3 |  3.5
Dodging        | |  1.5
Stealth        | |  2.1

Action                   |  1- 3 |  4- 6 || total
-------------------------+-------+-------++-------
Melee: Unarmed           |    41 |     6 ||    47
       Punch             |     2 |       ||     2
       Staff             |       |     8 ||     8
 Cast: Sandblast         |    65 |    39 ||   104
Armor: Robe              |    22 |     9 ||    31
Dodge: Dodged            |    36 |    29 ||    65
